 Dungeon Crawl Stone Soup version 0.21-a0-153-g78480df (webtiles) character file.

1729 Ordine the Magician (level 8, -2/41 HPs)
             Began as a Deep Elf Wizard on July 31, 2017.
             Was a Follower of Sif Muna.
             Killed by divine providence
             ... invoked by an orc priest
              (8 damage)
             ... on level 7 of the Dungeon.
             The game lasted 00:23:41 (7909 turns).

Ordine the Magician (Deep Elf Wizard)               Turns: 7909, Time: 00:23:42

Health: -2/41      AC:  4    Str:  4    XL:     8   Next: 76%
Magic:  32/35      EV: 18    Int: 26    God:    Sif Muna [*.....]
Gold:   601        SH:  0    Dex: 13    Spells: 11/21 levels left

rFire    . . .     SeeInvis .   b - staff of power
rCold    . . .     Gourm    .   (no shield)
rNeg     . . .     Faith    .   a - +0 robe
rPois    .         Spirit   .   h - +0 helmet
rElec    .         Reflect  .   (no cloak)
rCorr    .         Harm     .   (no gloves)
MR       .....                  A - +0 pair of boots
Stlth    ++++......             (no amulet)
HPRegen  0.13/turn              p - ring of stealth
MPRegen  0.24/turn              x - +4 ring of evasion

@: no status effects
A: no striking features
a: Divine Energy, Renounce Religion


You were on level 7 of the Dungeon.
You worshipped Sif Muna.
Sif Muna was aware of your devotion.
You were hungry.

You visited 2 branches of the dungeon, and saw 8 of its levels.
You also visited: Sewer and Ossuary.

You collected 601 gold pieces.

Inventory:

Hand Weapons
 g - a +3 dagger
 i - a +2 short sword of protection
 n - a +2 dagger of draining
Armour
 a - a +0 robe (worn)
 h - a +0 helmet (worn)
 A - a +0 pair of boots (worn)
Magical Staves
 b - an uncursed staff of power (weapon)
Jewellery
 p - a ring of stealth (left hand)
 x - a +4 ring of evasion (right hand)
 D - an uncursed ring of protection from fire
Scrolls
 e - 2 scrolls of teleportation
 m - 5 scrolls of remove curse
 v - a scroll of immolation
 y - 2 scrolls of identify
 E - a scroll of magic mapping
Potions
 l - 3 potions of flight
 o - 4 potions of curing
 q - 3 potions of lignification
 s - 3 potions of haste
 t - a potion of brilliance
 u - a potion of magic
 w - 6 potions of heal wounds
 z - 4 potions of might
 B - a potion of berserk rage
Books
 c - a book of Minor Magic

   Spells                             Type                      Level
   a - Magic Dart                     Conjuration                  1
   b - Blink                          Translocation                2
   c - Call Imp                       Summoning                    2
   d - Slow                           Hexes                        2
   e - Conjure Flame                  Conjuration/Fire             3
   f - Mephitic Cloud                 Conjuration/Poison/Air       3
 f - a book of Cantrips

   Spells                             Type                      Level
   a - Confusing Touch                Hexes                        1
   b - Animate Skeleton               Necromancy                   1
   c - Summon Small Mammal            Summoning                    1
   d - Apportation                    Translocation                1
Comestibles
 d - 7 bread rations
 j - 5 fruits
 k - 2 royal jellies
 r - 3 meat rations


   Skills:
 + Level 5.2 Dodging
 + Level 6.0 Stealth
 + Level 7.1 Spellcasting
 + Level 5.2 Conjurations
   Level 1.1 Summonings
 + Level 4.6 Translocations
 + Level 3.6 Fire Magic
 + Level 3.8 Air Magic
 + Level 1.5 Invocations


You had 11 spell levels left.
You knew the following spells:

 Your Spells              Type           Power        Failure   Level  Hunger
a - Magic Dart            Conj           ####         1%          1    None
b - Blink                 Tloc           N/A          1%          2    None
c - Conjure Flame         Conj/Fire      ####....     3%          3    None
d - Mephitic Cloud        Conj/Pois/Air  ####....     5%          3    None
e - Apportation           Tloc           ####..       1%          1    None


Dungeon Overview and Level Annotations

Branches:
Dungeon (7/15)             Temple (1/1) D:5

Altars:
Cheibriados
Elyvilon
Fedhas
Gozag
Hepliaklqana
Kikubaaqudgha
Nemelex Xobeh
Okawaru
Qazlal
Ru
Sif Muna
Trog
Uskayaw
Wu Jian
Xom
Yredelemnul
The Shining One

Shops:
D:4 (   D:7 %


Message History

You start resting.
An ogre comes into view. It is wielding a giant club.
Casting: Magic Dart
Confirm with . or Enter, or press ? or * to list all spells.
You can't see any susceptible monsters within range! (Use Z to cast anyway.) Unknown command.
The orc priest mumbles some strange prayers to Beogh against you.
Beogh smites you!
* * * LOW HITPOINT WARNING * * *
Casting: Magic Dart
Confirm with . or Enter, or press ? or * to list all spells.
Aiming: Mephitic Cloud
Press: ? - help, Shift-Dir - straight line, f - orc priest
Aim: an orc priest, wearing a leather armour The ball explodes into a vile cloud!
The stinking cloud engulfs the orc priest.
The orc priest is engulfed in noxious fumes.
The orc priest invokes the aid of Beogh against you.
Beogh smites you!
You die...

### ... ...###########
...+......>§o#################
...#.......§§§..@............#
...##........##############.##
###...#####..# #...# #.#
#...### #..# #.#.# #.# ..###
#..# #.#.# #.# ### #..# #.#.#
#.# # #..# #.#.# #.# #O.#
#.#.# #.# ####.#.# #.#


You could see an orc priest.

Vanquished Creatures
  Grinder (D:3)
  Edmund (D:5)
  An orc warrior (D:6)
  A sky beast (D:5)
  An ice beast (D:6)
  2 ogres
  2 scorpions
  3 wights (D:6)
  A bullfrog zombie (D:6)
  An orc priest (D:6)
  A centaur skeleton (D:5)
  A hound (D:4)
  A bullfrog skeleton (D:4)
  Terence (D:3)
  An iguana (D:4)
  4 worker ants
  8 mummies (Ossuary)
  Robin (D:3)
  4 gnolls (D:6)
  15 adders
  2 river rats (D:6)
  An adder skeleton (D:6)
  9 worms
  4 leopard geckos
  11 orcs
  4 ball pythons
  4 bats
  7 giant cockroaches
  A gnoll zombie (Ossuary)
  17 goblins
  4 hobgoblins
  4 jackals (D:4)
  3 quokkas
  12 frilled lizards
  A giant cockroach zombie (D:5)
  10 kobolds
  4 kobold zombies (Ossuary)
  2 leopard gecko skeletons
  3 orc zombies (Ossuary)
  23 rats
  2 butterflies (D:5)
179 creatures vanquished.

Notes
Turn   | Place    | Note
-------+----------+-------------------------------------------
     0 | D:1      | Ordine the Deep Elf Wizard began the quest for the Orb.
     0 | D:1      | Reached XP level 1. HP: 10/10 MP: 7/7
   140 | D:1      | Reached XP level 2. HP: 15/15 MP: 4/9
   191 | D:1      | Learned a level 2 spell: Blink
   717 | D:2      | Reached XP level 3. HP: 19/19 MP: 4/11
   783 | D:2      | Learned a level 3 spell: Conjure Flame
   787 | D:2      | Learned a level 3 spell: Mephitic Cloud
  1197 | D:2      | Found a stormy altar of Qazlal.
  1252 | D:2      | Reached XP level 4. HP: 24/24 MP: 3/12
  2015 | D:2      | Learned a level 1 spell: Apportation
  2051 | D:3      | Found an ancient bone altar of Kikubaaqudgha.
  2061 | D:3      | Found a hide-covered altar of Uskayaw.
  2077 | D:3      | Reached skill level 1 in Fire Magic
  2081 | D:3      | Found a basalt altar of Yredelemnul.
  2239 | D:3      | Found a snail-covered altar of Cheibriados.
  2241 | D:3      | Noticed Terence
  2254 | D:3      | Killed Terence
  2254 | D:3      | Reached skill level 5 in Spellcasting
  2254 | D:3      | Reached skill level 1 in Air Magic
  2254 | D:3      | Reached XP level 5. HP: 28/28 MP: 0/14
  2455 | D:3      | Found a sparkling altar of Nemelex Xobeh.
  2469 | D:3      | Noticed Robin
  2480 | D:3      | Killed Robin
  2819 | D:3      | Found a blossoming altar of Fedhas.
  2819 | D:3      | Noticed an ogre
  2837 | D:3      | Killed an ogre
  2837 | D:3      | Reached XP level 6. HP: 32/32 MP: 2/15
  3137 | D:3      | Noticed Grinder
  3162 | D:3      | Killed Grinder
  3562 | D:4      | Found Joeno's Weapon Shoppe.
  3611 | D:4      | Reached XP level 7. HP: 28/36 MP: 3/17
  3743 | D:4      | Reached skill level 5 in Stealth
  4284 | D:5      | Entered Level 5 of the Dungeon
  4355 | D:5      | Found a shimmering altar of Xom.
  4408 | D:5      | Found a deep blue altar of Sif Muna.
  4411 | D:5      | Became a worshipper of Sif Muna the Loreminder
  4553 | D:5      | Found a sand-covered staircase.
  4560 | Ossuary  | Entered an ossuary
  4750 | Ossuary  | Reached skill level 6 in Spellcasting
  5343 | D:5      | Noticed Edmund
  5359 | D:5      | Killed Edmund
  5359 | D:5      | Reached XP level 8. HP: 35/41 MP: 8/19
  5818 | D:5      | Found a staircase to the Ecumenical Temple.
  5882 | Temple   | Entered the Ecumenical Temple
  6419 | D:6      | Reached * piety under Sif Muna
  6423 | D:6      | Found a glowing drain.
  6427 | Sewer    | Entered a sewer
  6821 | D:6      | Reached skill level 5 in Dodging
  6938 | D:6      | Reached skill level 5 in Conjurations
  6944 | D:6      | Reached skill level 7 in Spellcasting
  6944 | D:6      | Reached skill level 1 in Invocations
  7683 | D:6      | Found a hazy altar of Hepliaklqana.
  7838 | D:7      | Noticed a hippogriff
  7843 | D:7      | Found Qeefath's Food Emporium.
  7909 | D:7      | Killed from afar by an orc priest

Vault maps used:
D:1:      mrwooster_arrival_arrow
D:2:      nicolae_qazlal_general_emergency
D:3:      fedhas_altar_fruit_tree, lemuel_crystal_altar, old_standard_altar,
          old_standard_altar, overflow_temple_1_default, hangedman_decor_lopped,
          kennysheep_nub, st_stairs_9, yredelemnul_altar_generic, uniq_robin,
          uniq_grinder, uniq_terence
D:4:      serial_shops, nicolae_shop_statue_plus, first_bread
D:5:      lemuel_blue_sif_altar, xom_butterflies,
          minmay_temple_entry_metal_lava, chequers_ossuary_entry_cave,
          uniq_edmund
D:6:      kennysheep_mini, lightli_sewer_entry_pipes, eino_tiny_chamber
D:7:      minmay_the_grid_triangle_9x9_rhombus_full, serial_shops, shop,
          grunt_livestock
Temple:   jpeg_temple_island
Sewer:    sewer_co_cracked_pipes
Ossuary:  ossuary_tomb_3

Skill      XL: |  1  2  3  4  5  6  7  8 |
---------------+-------------------------+-----
Conjurations   | 2 3 4 5 |  5.2
Stealth        | 3 4 5 6 |  6.0
Dodging        | 3 4 5 |  5.2
Fire Magic     | 1 2 3 |  3.6
Spellcasting   | 5 6 7 |  7.1
Translocations | 2 3 4 |  4.6
Air Magic      | 1 2 3 |  3.8
Invocations    | 1 |  1.5
Summonings     | |  1.1

Action                   |  1- 3 |  4- 6 |  7- 9 || total
-------------------------+-------+-------+-------++-------
Melee: Short sword       |     4 |    31 |    35 ||    70
 Cast: Magic Dart        |   106 |   161 |   313 ||   580
       Conjure Flame     |       |     2 |    17 ||    19
       Mephitic Cloud    |       |     2 |    11 ||    13
       Blink             |       |     1 |     8 ||     9
  Use: Scroll            |     3 |     5 |     7 ||    15
       Potion            |       |     2 |     3 ||     5
 Stab: Confused          |       |       |     2 ||     2
       Distracted        |       |       |     1 ||     1
  Eat: Chunk             |       |     8 |    12 ||    20
       Fruit             |       |       |     1 ||     1
Armor: Robe              |       |    11 |    13 ||    24
Dodge: Dodged            |    14 |    36 |    67 ||   117
